 Seeded DCSS version 0.29-a0-375-g5102b3be25 (webtiles) character file.

Game seed: 13605594255664981076 (custom seed)

3417 thiscave3701365 the Cleaver (level 9, -3/80 HPs)
             Began as a Minotaur Berserker on May 3, 2022.
             Was an Elder of Trog.
             Slain by a yak (8 damage)
             ... on level 7 of the Dungeon.
             The game lasted 00:05:50 (8931 turns).

thiscave3701365 the Cleaver (Minotaur Berserker)    Turns: 8931, Time: 00:05:52

Health: -3/80      AC: 15    Str: 26    XL:     9   Next: 76%
Magic:  8/8        EV:  8    Int:  4    God:    Trog [****..]
Gold:   309        SH:  0    Dex: 10    Spells: 8/8 levels left

rFire   . . .      SeeInvis .   a - +0 hand axe
rCold   . . .      Faith    .   (no shield)
rNeg    . . .      Spirit   .   y - +0 plate armour
rPois   .          Reflect  .   (helmet restricted)
rElec   .          Harm     .   B - +0 cloak
rCorr   .          Rampage  .   (no gloves)
Will    .....                   (no boots)
Stlth   ..........              (no amulet)
HPRegen 0.23/turn               (no ring)
MPRegen 0.11/turn               (no ring)

@: on berserk cooldown, slowed, very slow
A: horns 2, retaliatory headbutt
a: Renounce Religion, Berserk, Trog's Hand, Brothers in Arms


You were on level 7 of the Dungeon.
You worshipped Trog.
Trog was greatly pleased with you.
You visited 1 branch of the dungeon, and saw 7 of its levels.
You also visited: Ossuary.

You collected 309 gold pieces.

Inventory:

Hand Weapons
 a - a +0 hand axe (weapon)
Missiles
 v - a throwing net
Armour
 y - a +0 plate armour (worn)
 B - a +0 cloak (worn)
Jewellery
 i - a ring of protection from cold
Wands
 r - a wand of charming (10)
 s - a wand of digging (3)
 x - a wand of polymorph (4)
Scrolls
 b - 3 scrolls of vulnerability {unknown}
 d - a scroll of immolation {unknown}
 e - 8 scrolls of identify {unknown}
 g - a scroll of blinking {unknown}
 h - 2 scrolls of fog {unknown}
 l - 2 scrolls of poison {unknown}
 p - a scroll of torment {unknown}
 q - 2 scrolls of teleportation {unknown}
 w - a scroll of fear {unknown}
 z - a scroll of noise {unknown}
 D - a scroll of magic mapping {unknown}
Potions
 c - a potion of brilliance {unknown}
 f - 4 potions of haste {unknown}
 j - a potion of magic {unknown}
 k - a potion of flight {unknown}
 m - a potion of might {unknown}
 n - a potion of ambrosia {unknown}
 o - 3 potions of lignification {unknown}
 t - 3 potions of heal wounds {unknown}
 u - 3 potions of mutation {unknown}
 A - 3 potions of curing {unknown}
 C - 2 potions of degeneration {unknown}


   Skills:
 + Level 7.7 Fighting
 + Level 11.9 Axes
 + Level 9.7 Armour
 + Level 3.7 Dodging
 + Level 0.8 Stealth


You had 8 spell levels left.
You didn't know any spells.
Your spell library was empty.

Dungeon Overview and Level Annotations

Branches:
Dungeon (7/15)             Temple (0/1) D:4         Ossuary (visited)

Altars:
Ashenzari
Cheibriados
Gozag
Makhleb
Nemelex Xobeh
Okawaru
Uskayaw

Shops:
D:6 !


Innate Abilities, Weirdness & Mutations

You have a pair of horns on your head.
You reflexively headbutt those who attack you in melee.


Message History

You are no longer berserk.
You are exhausted.
You feel yourself slow down.
Unknown command.
You hit the wyvern.
The wyvern is lightly wounded.
The wyvern bites you but does no damage.
The wyvern bites you!
Unknown command.
You are too injured to fight recklessly!
You are too injured to fight recklessly!
Unknown command.
You are too injured to fight recklessly!
Unknown command.
You are too injured to fight recklessly!
You hit the wyvern.
The wyvern is moderately wounded.
The wyvern bites you but does no damage. x2
You hit the wyvern but do no damage.
The wyvern is moderately wounded.
The wyvern bites you but does no damage.
You hit the wyvern but do no damage. Your headbutt misses the wyvern.
The wyvern is moderately wounded.
You hit the yak but do no damage. The wyvern barely misses you.
The wyvern closely misses you. The yak gores you!
* * * LOW HITPOINT WARNING * * *
Unknown command.
You hit the wyvern but do no damage.
The wyvern is moderately wounded.
You hit the yak. The wyvern bites you.
* * * LOW HITPOINT WARNING * * *
The yak gores you but does no damage.
You hit the yak.
The yak is moderately wounded.
You hit the wyvern but do no damage. The wyvern bites you.
* * * LOW HITPOINT WARNING * * *
The wyvern bites you!
* * * LOW HITPOINT WARNING * * *
The yak gores you!
You die...

......#..........)..
#.#....# ..
#................ #.####.#
.#####.......[...#.#
#.####.# >...
+...........#.#
####.#....# ..#
#.....#######.#
#....#.#### ..#
#.............###.####.#
..#
#...........##....#....#
..#
###.......lY##)####.####
..## #.....#..@)))))##.#
#..#####.....#...).)#.##.#
##..#........#......#....#
......####################
......# #######


You could see a yak and a wyvern.

Vanquished Creatures
  A cyclops (D:6)
  A troll (D:7)
  A hornet (D:6)
  2 water moccasins (D:6)
  2 ice beasts
  An orc warrior (D:7)
  2 black bears
  3 ogres
  A centaur (D:7)
  3 phantoms
  2 elf zombies (Ossuary)
  2 kobold brigands (D:7)
  2 necrophages (D:5)
  2 scorpions (D:6)
  A centaur zombie (Ossuary)
  A hound (D:5)
  A human zombie (Ossuary)
  2 orc priests (D:4)
  A jelly (D:6)
  2 gnoll shamans
  An iguana (D:3)
  5 orc wizards
  3 mummies
  17 gnolls
  9 adders
  A shadow imp (D:7)
  2 white imps (D:7)
  2 ufetubi
  An adder zombie (Ossuary)
  A worm (D:5)
  30 orcs
  4 endoplasms
  3 giant cockroaches
  8 goblins
  4 hobgoblins
  3 jackals (D:1)
  A quokka (D:4)
  10 ball pythons
  A bat (D:3)
  3 frilled lizards
  A goblin zombie (Ossuary)
  11 hobgoblin zombies (Ossuary)
  7 kobolds
  9 kobold zombies (Ossuary)
  6 orc zombies (Ossuary)
  7 rats
  4 rat zombies (Ossuary)
187 creatures vanquished.

Notes
Turn   | Place    | Note
-------+----------+-------------------------------------------
     0 | D:1      | thiscave3701365 the Minotaur Berserker began the quest for
                  | the Orb.
     0 | D:1      | Reached XP level 1. HP: 19/19 MP: 0/0
   429 | D:1      | Found a faded altar of an unknown god.
   500 | D:1      | Reached XP level 2. HP: 23/27 MP: 1/1
   504 | D:1      | Reached skill level 4 in Axes
  1107 | D:2      | Reached XP level 3. HP: 28/33 MP: 2/2
  1247 | D:2      | Reached XP level 4. HP: 41/41 MP: 3/3
  1624 | D:2      | Reached ** piety under Trog
  1657 | D:2      | Reached skill level 5 in Axes
  2253 | D:3      | Reached XP level 5. HP: 47/47 MP: 4/4
  3158 | D:3      | Found a hide-covered altar of Uskayaw.
  3159 | D:3      | Found a burning altar of Makhleb.
  3681 | D:4      | Found a snail-covered altar of Cheibriados.
  3761 | D:4      | Found an iron altar of Okawaru.
  3829 | D:4      | Reached skill level 6 in Axes
  3899 | D:4      | Reached skill level 5 in Fighting
  3961 | D:4      | Reached XP level 6. HP: 37/56 MP: 5/5
  4266 | D:4      | Found an opulent altar of Gozag.
  4266 | D:4      | Found a sparkling altar of Nemelex Xobeh.
  4316 | D:4      | Found a staircase to the Ecumenical Temple.
  4767 | D:5      | Entered Level 5 of the Dungeon
  4852 | D:5      | Reached skill level 7 in Axes
  4885 | D:5      | Reached skill level 5 in Armour
  4885 | D:5      | Reached XP level 7. HP: 44/61 MP: 6/6
  6066 | D:5      | Identified the +0 chain mail "Fuibbaimp" {Str+3}
  6140 | D:5      | Reached skill level 8 in Axes
  6276 | D:5      | Found a broken altar of Ashenzari.
  6291 | D:5      | Reached XP level 8. HP: 70/70 MP: 7/7
  6382 | D:5      | Reached *** piety under Trog
  6816 | D:6      | Noticed a hornet
  6824 | D:6      | Killed a hornet
  6825 | D:6      | Reached skill level 9 in Axes
  7411 | D:6      | Noticed a cyclops
  7420 | D:6      | Killed a cyclops
  7422 | D:6      | Reached skill level 10 in Axes
  7430 | D:6      | Reached XP level 9. HP: 78/78 MP: 8/8
  8214 | D:6      | Found Yssic's Distillery.
  8482 | D:7      | Noticed a troll
  8489 | D:7      | Killed a troll
  8508 | D:7      | Found a sand-covered staircase.
  8515 | Ossuary  | Entered an ossuary
  8642 | Ossuary  | Reached skill level 11 in Axes
  8665 | Ossuary  | Reached **** piety under Trog
  8931 | D:7      | Slain by a yak

Illustrated notes

Levels and vault maps discovered:
D:1:      wander_arrival_lonely_grave, layout_basic,
          ebering_ecumenical_altar_rust
D:2:      layout_basic, minmay_misc_feat_tower, grunt_decor_mini_mirrors
D:3:      layout_basic, mainiacjoe_overflow_divided_tiny
D:4:      layout_loops_ring, grunt_temple_overflow_opulence,
          general_overflow_altar, mainiacjoe_overflow_24_doors, temple_doors_ab
D:5:      layout_basic, mainiacjoe_overflow_paths
D:6:      layout_basic, serial_shops, nicolae_shop_behind_doors,
          minmay_increasing_density
D:7:      layout_basic, nicolae_ossuary_entry_giza, minmay_manual_mess

Skill      XL: |  1  2  3  4  5  6  7  8  9 |
---------------+----------------------------+-----
Fighting       | 4 5 6 7 |  7.7
Axes           | 4 5 6 7 8 10 11 | 11.9
Armour         | 3 5 6 8 9 |  9.7
Dodging        | 3 |  3.7
Stealth        | |  0.8

Action                   |  1- 3 |  4- 6 |  7- 9 || total
-------------------------+-------+-------+-------++-------
Melee: Hand axe          |    45 |   123 |   300 ||   468
       Headbutt          |     7 |    17 |    54 ||    78
       Punch             |       |       |     5 ||     5
Invok: Berserk           |     3 |     9 |     9 ||    21
Armor: Animal skin       |     9 |       |       ||     9
       Scale mail        |     4 |     9 |       ||    13
       Chain mail        |       |    46 |    45 ||    91
       Plate armour      |       |       |   115 ||   115
Dodge: Dodged            |    26 |    57 |   112 ||   195

Table legend: (Time is in decaauts)
 A = Elapsed time spent in this place.
 B = Non-inter-level travel time spent in this place.
 C = Inter-level travel time spent in this place.
 D = Time resting spent in this place.
 E = Time spent auto-exploring this place.
 F = Levels seen in this place.
 G = Mean time per level.
                   A        B        C        D        E       F      G
               +--------+--------+--------+--------+--------+-----+--------+
         Total |   9058 |   8700 |    358 |   2629 |   5083 |   8 | 1132.2 |
       Dungeon |   8788 |   8430 |    358 |   2629 |   4939 |   7 | 1255.4 |
       Ossuary |    269 |    269 |      0 |      0 |    144 |   1 |  269.0 |
               +--------+--------+--------+--------+--------+-----+--------+

Top non-repeatable levels by time:
     D:6: 1722 daAuts
     D:5: 1683 daAuts
     D:4: 1554 daAuts
     D:3: 1553 daAuts
     D:2: 1210 daAuts
     D:1: 919 daAuts
 Ossuary: 269 daAuts
     D:7: 145 daAuts
